 Dungeon Crawl Stone Soup version 0.21-a0-444-g29a2fec (webtiles) character file.

58 slep the Skirmisher (level 3, -8/29 HPs)
             Began as a Demonspawn Monk on Nov 18, 2017.
             Mangled by a worm (10 damage)
             ... on level 2 of the Dungeon.
             The game lasted 00:04:33 (888 turns).

slep the Skirmisher (Demonspawn Monk)                Turns: 888, Time: 00:04:33

Health: -8/29      AC:  5    Str: 11    XL:     3   Next: 76%
Magic:  3/3        EV: 12    Int: 11    God:
Gold:   34         SH:  4    Dex: 16    Spells: 2/2 levels left

rFire    + + .     SeeInvis .   a - +0 falchion
rCold    . . .     Gourm    .   (no shield)
rNeg     . . .     Faith    .   g - +0 ring mail
rPois    +         Spirit   .   (no helmet)
rElec    +         Reflect  .   (no cloak)
rCorr    +         Harm     .   (no gloves)
MR       .....                  (no boots)
Stlth    +.........             (no amulet)
HPRegen  0.09/turn              i - ring of fire
MPRegen  0.08/turn              (no ring)

@: lethally poisoned (-8 -> -11), resistant
A: talons 1, large bone plates 1
a: no special abilities


You were on level 2 of the Dungeon.
You were not hungry.

You visited 1 branch of the dungeon, and saw 3 of its levels.

You collected 34 gold pieces.

Inventory:

Hand Weapons
 a - a +0 falchion (weapon)
Armour
 b - a +0 robe
 g - a +0 ring mail (worn)
Jewellery
 i - a ring of fire (left hand)
Scrolls
 d - a scroll of magic mapping {unknown}
 e - a scroll of enchant weapon {unknown}
 h - a scroll of identify {unknown}
Comestibles
 c - 2 bread rations
 j - 3 meat rations
 k - 2 chunks of flesh


   Skills:
 + Level 3.3 Fighting
 + Level 3.3 Long Blades
 + Level 0.4 Armour
 + Level 3.2 Dodging
 + Level 2.1 Stealth


You had 2 spell levels left.
You didn't know any spells.

Dungeon Overview and Level Annotations

Branches:
Dungeon (3/15)

Altars:
Hepliaklqana
Okawaru


Innate Abilities, Weirdness & Mutations

You have sharp toenails.
You are partially covered in large bone plates. (SH +4)


Message History

You hit the hobgoblin. Your kick misses the hobgoblin.
The hobgoblin is heavily wounded.
You feel sick. The hobgoblin hits you.
You slash the hobgoblin!
You kill the hobgoblin!
You barely miss the worm. You claw the worm.
The worm is lightly wounded.
You hit the worm. You claw the worm.
The worm is severely wounded.
You feel sick. The worm bites you.
* * * LOW HITPOINT WARNING * * *
You hit the worm but do no damage. Your kick misses the worm.
The worm is severely wounded.
The worm bites you.
* * * LOW HITPOINT WARNING * * *
It was a potion of cancellation.
You feel magically purged.
It was a potion of resistance.
You feel protected. The worm bites you!
You die...

#############
.......@w...#
#####.###>..#
# #.......#
#........?.#
#......_...#
#..##...##.#
#.. #...# #
#. ##.## #.
.#


You could see a worm.

Vanquished Creatures
  2 adders (D:3)
  3 leopard geckos (D:1)
  A giant cockroach (D:1)
  4 goblins (D:1)
  3 hobgoblins
  3 jackals (D:1)
  A quokka (D:2)
  A ball python (D:1)
  6 bats (D:1)
  2 frilled lizards (D:1)
  5 kobolds (D:1)
  4 rats (D:1)
35 creatures vanquished.

Notes
Turn   | Place    | Note
-------+----------+-------------------------------------------
     0 | D:1      | slep the Demonspawn Monk began the quest for the Orb.
     0 | D:1      | Reached XP level 1. HP: 18/18 MP: 1/1
   238 | D:1      | Gained mutation: You are partially covered in large bone plates. (SH +4) [demonic ancestry]
   238 | D:1      | Reached XP level 2. HP: 22/24 MP: 2/2
   430 | D:1      | Gained mutation: You have sharp toenails. [demonic ancestry]
   430 | D:1      | Reached XP level 3. HP: 21/29 MP: 3/3
   746 | D:2      | Found an iron altar of Okawaru.
   879 | D:2      | Found a hazy altar of Hepliaklqana.
   888 | D:2      | Mangled by a worm

Vault maps used:
D:1:      scummos_arrival_simple_crosswalls, serial_forest,
          infiniplex_forest_straight_4, infiniplex_forest_corner_1,
          infiniplex_forest_lined_ring, infiniplex_forest_clump_large,
          infiniplex_forest_lined_2
D:2:      nicolae_overflow_hidden_temple, overflow_temple_1_default, minivault_4
D:3:      vehumet_crystals, first_bread, dk_noncrumbling_4

Skill      XL: |  1  2 |
---------------+-------+-----
Long Blades    | 3 |  3.3
Stealth        | 2 |  2.1
Dodging        | 3 |  3.2
Fighting       | |  3.3
Armour         | |  0.4

Action                   || total
-------------------------++-------
Melee: Falchion          ||   113
       Kick              ||    12
  Use: Potion            ||     2
 Stab: Sleeping          ||     2
Armor: Robe              ||     9
       Ring mail         ||    30
Dodge: Dodged            ||    76
Block: Other             ||    23
       Rpst.: Falchion   ||    26

Table legend:
 A = Spawn XP
 B = Non-spawn XP
 C = Spawn XP percentage of total XP
 D = Spawn monster count
 E = Non-spawn monster count
 F = Spawn count percentage of total count
 G = Total turns spent on level
                    A         B        C        D         E        F      G
               +---------+---------+-------+---------+---------+-------+---------
         Total |       0 |      84 |   0.0 |       0 |      35 |   0.0 |   888
               +---------+---------+-------+---------+---------+-------+---------
           D:1 |       0 |      53 |   0.0 |       0 |      31 |   0.0 |   746
           D:2 |       0 |       4 |   0.0 |       0 |       2 |   0.0 |    83
           D:3 |       0 |      27 |   0.0 |       0 |       2 |   0.0 |    59
               +---------+---------+-------+---------+---------+-------+---------
